 Dungeon Crawl Stone Soup version 0.30.1-9-gdf580d7c3d (webtiles) character file.

Game seed: 7039383762359429655

43 monsoonserge the Sneak (level 3, -1/19 HPs)
             Began as a Gargoyle Enchanter on Oct 2, 2023.
             Slain by Crazy Yiuf
             ... wielding a +4 quarterstaff of chaos
              (6 damage)
             ... on level 2 of the Dungeon.
             The game lasted 00:05:43 (1414 turns).

monsoonserge the Sneak (Gargoyle Enchanter)         Turns: 1414, Time: 00:05:44

Health: -1/19      AC:  5    Str: 11    XL:     3   Next: 58%
Magic:  0/6        EV: 12    Int: 17    God:
Gold:   109        SH:  0    Dex: 10    Spells: 1/6 levels left

rFire   . . .        a - +1 dagger
rCold   . . .        (no shield)
rNeg    + . .        b - +0 robe
rPois   ∞            (no helmet)
rElec   +            (no cloak)
rCorr   .            (no gloves)
SInv    .            (no boots)
Will    .....        (no amulet)
Stlth   ++           (no ring)
HPRegen 0.23/turn    (no ring)
MPRegen 0.10/turn

%: no passive effects
@: confusing by touch
A: sickness immunity, AC +3, negative energy resistance 1, electricity
resistance, torment resistance 1, petrification resistance
a: no special abilities


You were on level 2 of the Dungeon.
You visited 1 branch of the dungeon, and saw 2 of its levels.

You collected 109 gold pieces.

Inventory:

Hand Weapons
 a - a +1 dagger (weapon)
Missiles
 n - 2 poisoned darts (quivered)
Armour
 b - a +0 robe (worn)
 f - a +0 scale mail
 l - a +0 ring mail
Scrolls
 e - a scroll of immolation {unknown}
 i - a scroll of poison
 m - a scroll of fear {unknown}
Potions
 c - 2 potions of invisibility
 d - 3 potions of curing {unknown}
 g - a potion of haste {unknown}
 h - 2 potions of mutation {unknown}
 j - a potion of magic {unknown}
 k - 2 potions of degeneration {unknown}


   Skills:
 + Level 1.3 Short Blades
 + Level 1.8 Dodging
 + Level 3.7 Stealth
 * Level 2.2 Spellcasting
 * Level 3.0 Hexes
 * Level 1.0 Ice Magic


You had one spell level left.
You knew the following spells:

 Your Spells              Type           Power      Damage    Failure   Level
a - Ensorcelled Hibernat  Hex/Ice        16%        N/A       12%         2
b - Confusing Touch       Hex            12%        N/A       16%         3

Your spell library contained the following spells:

 Spells                   Type           Power      Damage    Failure   Level
 Tukima's Dance           Hex            12%        N/A       16%         3
 Blink                    Tloc           2%         N/A       28%         2
 Lesser Beckoning         Tloc           2%         N/A       28%         2
 Momentum Strike          Conj/Tloc      2%         3d8       28%         2
 Dazzling Flash           Conj/Hex       14%        N/A       30%         3


Dungeon Overview and Level Annotations

Branches:
Dungeon (2/15)

Altars:

Annotations:
D:2 Crazy Yiuf


Innate Abilities, Weirdness & Mutations

You are immune to sickness and miasma.
Your stone body is resilient. (AC +3)
You are immune to poison.
You resist negative energy. (rN+)
You are resistant to electric shocks. (rElec)
You are resistant to unholy torment.
You are immune to petrification.


Message History

You start memorising the spell.
You continue memorising. x3
You finish memorising.
Spell assigned to 'b'.
Okay, then.
Unknown command.
Found a glowing hammer.
Found a runed translucent door.
Crazy Yiuf shouts!
As you open the door, it creaks loudly!
Crazy Yiuf cries, "Flower snail ladder!"
Casting: Ensorcelled Hibernation (safe; 12% risk of failure)
Confirm with . or Enter, or press ? or * to list all spells.
Aiming: Ensorcelled Hibernation (safe; 12% risk of failure)
Press: ? - help, Shift-Dir - straight line, f - Crazy Yiuf
Aim: Crazy Yiuf, wielding a +4 quarterstaff of chaos and wearing a +0 cloak of stealth (chance to affect: 50%) Crazy Yiuf looks drowsy...
The helpless Crazy Yiuf fails to defend himself.
You puncture Crazy Yiuf!
Crazy Yiuf is heavily wounded.
Crazy Yiuf hits you with a +4 quarterstaff of chaos.
Crazy Yiuf freezes you.
Casting: Ensorcelled Hibernation (safe; 12% risk of failure)
Confirm with . or Enter, or press ? or * to list all spells.
The spell is extremely dangerous to miscast (16% risk of failure)!
Continue anyway?
Okay, then.
Casting: Confusing Touch (extremely dangerous; 16% risk of failure)
Confirm with . or Enter, or press ? or * to list all spells.
The spell is extremely dangerous to miscast (16% risk of failure)!
Continue anyway?
Your hands begin to glow red.
Crazy Yiuf closely misses you.
You closely miss Crazy Yiuf.
Crazy Yiuf is heavily wounded.
Crazy Yiuf barely misses you.
You hit Crazy Yiuf but do no damage.
Crazy Yiuf is heavily wounded.
Crazy Yiuf hits you with a +4 quarterstaff of chaos!
Ouch! That really hurt!
* * * LOW HITPOINT WARNING * * *
You feel your power leaking away.
You barely miss Crazy Yiuf.
Crazy Yiuf is heavily wounded.
Crazy Yiuf hits you with a +4 quarterstaff of chaos.
You die...

#..# #<...#
#####..# ######
.......# ##.###.#
##### #.....#
#..)# #######
#...# ##########
... #........#
#g# ###.########
♣♣@♣ #...# ♣.♣♣
....# ♣♣.♣ #.#.#
♣.♣♣ #.#.# ♣♣.♣♣
#.#.# ♣...♣♣
..#.# ♣.P..♣
###.# #....#
#.##########....#


You could see Crazy Yiuf.

Vanquished Creatures
  A worm (D:2)
  2 dart slugs
  6 bats
  4 endoplasms
  2 giant cockroaches (D:2)
  2 goblins
  A hobgoblin (D:1)
  6 jackals (D:1)
  A quokka (D:1)
  A frilled lizard (D:1)
  4 kobolds (D:1)
  3 rats
33 creatures vanquished.

Notes
Turn   | Place    | Note
-------+----------+-------------------------------------------
     0 | D:1      | monsoonserge the Gargoyle Enchanter began the quest for the
                  | Orb.
     0 | D:1      | Reached XP level 1. HP: 10/10 MP: 3/3
   183 | D:1      | Reached skill level 1 in Short Blades
   183 | D:1      | Reached XP level 2. HP: 15/15 MP: 5/5
   193 | D:1      | Learned a level 2 spell: Ensorcelled Hibernation
   486 | D:1      | Reached XP level 3. HP: 19/19 MP: 6/6
  1345 | D:2      | Reached skill level 1 in Ice Magic
  1400 | D:2      | Learned a level 3 spell: Confusing Touch
  1403 | D:2      | Found a runed translucent door.
  1404 | D:2      | Noticed Crazy Yiuf
  1414 | D:2      | Slain by Crazy Yiuf

Illustrated notes

Levels and vault maps discovered:
D:1:      dpeg_arrival_rooms_with_view, layout_rooms
D:2:      layout_loops_ring, serial_bayou_pond_d, uniq_crazy_yiuf_cottage

Skill      XL: |  1  2  3 |
---------------+----------+-----
Short Blades   | 1 |  1.3
Hexes          | 3 |  3.0
Ice Magic      | 1 |  1.0
Dodging        | |  1.8
Stealth        | |  3.7
Spellcasting   | |  2.2

Action                     || total
---------------------------++-------
  Melee: Dagger            ||   155
   Cast: Ensorcelled Hiber ||     9
         Confusing Touch   ||     1
    Use: Scroll            ||     1
   Stab: Sleeping          ||    10
 Armour: Robe              ||    46
  Dodge: Dodged            ||   123
